 Dungeon Crawl Stone Soup version 0.29-a0-845-g6161e89988 (webtiles) character file.

Game seed: 3936022375459685671

658 yuug the Charlatan (level 7, -7/51 HPs)
             Began as a Demigod Artificer on July 15, 2022.
             Killed from afar by an orc wizard (8 damage)
             ... with a puff of flame
             ... on level 5 of the Dungeon.
             The game lasted 00:12:45 (5054 turns).

yuug the Charlatan (Demigod Artificer)              Turns: 5054, Time: 00:12:46

Health: -7/51      AC:  5    Str: 13    XL:     7   Next: 8%
Magic:  9/9        EV: 11    Int: 13    God:
Gold:   160        SH:  0    Dex: 22    Spells: 6/6 levels left

rFire   . . .      SeeInvis .   A - +1 dagger (chaos)
rCold   . . .      Faith    .   (no shield)
rNeg    . . .      Spirit   .   b - +0 leather armour
rPois   .          Reflect  .   p - +1 hat
rElec   .          Harm     .   u - +0 cloak
rCorr   .          Rampage  .   (no gloves)
Will    .....                   (no boots)
Stlth   +++.......              g - amulet of the acrobat
HPRegen 0.17/turn               (no ring)
MPRegen 0.11/turn               (no ring)

@: mighty
A: high MP 1, forlorn, divine attributes
a: no special abilities


You were on level 5 of the Dungeon.
You visited 1 branch of the dungeon, and saw 5 of its levels.

You collected 160 gold pieces.

Inventory:

Hand Weapons
 l - a +2 dagger of protection
 r - a +2 vampiric dagger
 y - a +1 dagger of speed
 A - a +1 dagger of chaos (weapon)
Missiles
 m - 5 datura-tipped darts
 v - a throwing net
 x - 6 poisoned darts
Armour
 b - a +0 leather armour (worn)
 p - a +1 hat (worn)
 u - a +0 cloak (worn)
 z - the +4 chain mail "Seurghicu" {rC+}
   (You found it on level 5 of the Dungeon)

   rC:        It protects you from cold.
Jewellery
 g - an amulet of the acrobat (around neck)
Wands
 c - a wand of flame (14) (quivered)
 d - a wand of charming (8)
Scrolls
 a - a scroll of poison {unknown}
 j - 7 scrolls of identify {unknown}
 k - 3 scrolls of vulnerability {unknown}
 n - 4 scrolls of teleportation {unknown}
 q - 3 scrolls of fear {unknown}
Potions
 e - a potion of degeneration {unknown}
 f - a potion of ambrosia {unknown}
 h - 2 potions of curing {unknown}
 i - a potion of lignification {unknown}
 s - a potion of cancellation {unknown}
 t - a potion of heal wounds {unknown}
 w - a potion of attraction {unknown}


   Skills:
 - Level 0.8 Fighting
 - Level 1.7 Armour
 - Level 0.8 Dodging
 + Level 5.6 Stealth
 + Level 5.8 Evocations


You had 6 spell levels left.
You didn't know any spells.
Your spell library contained the following spells:

 Spells                   Type           Power      Damage    Failure   Level
 Slow                     Hex            0%         N/A       36%         1
 Confusing Touch          Hex            0%         N/A       75%         3
 Stone Arrow              Conj/Erth      0%         3d7       75%         3
 Vampiric Draining        Necr           0%         2d6       75%         3
 Animate Armour           Summ/Erth      0%         N/A       98%         4
 Lehudib's Crystal Spear  Conj/Erth      0%         10d2      100%        8


Dungeon Overview and Level Annotations

Branches:
Dungeon (5/15)             Temple (0/1) D:4

Shops:
D:1 *   D:4 !

Annotations:
D:4 Robin
D:5 Blork the orc


Innate Abilities, Weirdness & Mutations

You have an increased reservoir of magic. (+10% MP)
You shall have no god before yourself.
Your divine heritage dramatically boosts your attributes as you level up.


Message History

Orders for allies: a - Attack new target. r - Retreat! s - Stop attacking. g - Guard the area. f - Follow me.
Anything else - Cancel.
Okay, then.
What are your orders? t - Shout!
Orders for allies: a - Attack new target. r - Retreat! s - Stop attacking. g - Guard the area. f - Follow me.
Anything else - Cancel.
Gang up on whom?
Press: ? - help, Dir - move target There's nothing there!
You hear some strange, mumbled words.
Blork the orc appears confused.
Blork the orc completely misses you.
You hear some strange, mumbled words.
Blork the orc appears confused.
You miss something.
You hear some strange, mumbled words.
A magic dart appears from out of thin air!
The magic dart hits you. Blork the orc hits you with a +0 mace.
You miss something.
You hear some strange, mumbled words.
A puff of flame appears from out of thin air!
The puff of flame hits you!
* * * LOW HITPOINT WARNING * * *
Okay, then.
You feel very mighty all of a sudden. Something hits you.
* * * LOW HITPOINT WARNING * * *
You miss something. Something hits you but does no damage.
Blork the orc hits you with a +0 mace!
* * * LOW HITPOINT WARNING * * *
You hit something.
You hear some strange, mumbled words.
A puff of flame appears from out of thin air!
The puff of flame hits you!
You die...

#.........._.......
#...<÷...........
+..)[)...8....[..
#....)..........
#....###....._..# #
########........## .#
#...............# ...
#...o...(.....).#..$.
#...@{..........'....
#....###......)##...#
###'##########.######
#.....###≈#..##..≈#≈#
#.....##..#.≈..##..##
#....##.≈)..)#⌠≈#.#.≈
#....#≈^^#.†.....#≈#≈
#....#..#⌠#⌠.####≈..#
#....#....^≈≈§§≈#..≈.


You could see the friendly Blork the orc (charmed, confused).

Vanquished Creatures
  A black bear (D:4)
  A phantom (D:4)
  2 scorpions (D:4)
  A gnoll bouda (D:3)
  A hound (D:5)
  2 iguanas (D:4)
  An orc wizard (D:5)
  Natasha (D:4)
  3 gnolls (D:4)
  5 adders
  3 dart slugs
  8 orcs
  2 endoplasms
  7 giant cockroaches
  9 goblins
  7 hobgoblins
  5 jackals (D:2)
  2 quokkas
  7 ball pythons
  6 bats
  5 frilled lizards
  9 kobolds
  4 rats
92 creatures vanquished.

Vanquished Creatures (collateral kills)
  A necrophage (D:4)
  An orc priest (D:5)
  5 orcs (D:5)
  A quokka (D:5)
  2 goblins
10 creatures vanquished.

Grand Total: 102 creatures vanquished

Notes
Turn   | Place    | Note
-------+----------+-------------------------------------------
     0 | D:1      | yuug the Demigod Artificer began the quest for the Orb.
     0 | D:1      | Reached XP level 1. HP: 15/15 MP: 3/3
    59 | D:1      | Reached skill level 1 in Stealth
   294 | D:1      | Found Sonoucwi's Assorted Antiques.
   802 | D:1      | Reached XP level 2. HP: 15/22 MP: 4/4
  1639 | D:2      | Reached XP level 3. HP: 26/27 MP: 5/5
  2106 | D:2      | Reached XP level 4. HP: 34/34 MP: 6/6
  3153 | D:4      | Reached XP level 5. HP: 15/39 MP: 7/7
  3562 | D:4      | Noticed a black bear
  3565 | D:4      | Killed a black bear
  3584 | D:4      | Reached XP level 6. HP: 42/46 MP: 8/8
  3611 | D:4      | Reached skill level 5 in Evocations
  3634 | D:4      | Found Toewus's Distillery.
  4033 | D:4      | Reached skill level 5 in Stealth
  4338 | D:4      | Found a staircase to the Ecumenical Temple.
  4642 | D:4      | Noticed Robin
  4645 | D:4      | Noticed Natasha
  4658 | D:4      | Killed Natasha
  4665 | D:5      | Entered Level 5 of the Dungeon
  4709 | D:5      | Reached XP level 7. HP: 25/51 MP: 9/9
  4902 | D:5      | Identified the +4 chain mail "Seurghicu" {rC+}
  5020 | D:5      | Noticed Blork the orc
  5053 | D:5      | HP: 1/51 [Blork the orc/+0 mace (7)]
  5054 | D:5      | Killed from afar by an orc wizard

Illustrated notes

Levels and vault maps discovered:
D:1:      lightli_arrival_quake, layout_basic, serial_shops,
          nicolae_shop_advertising_works [nicolae_subvault_shop_adworks]
D:2:      layout_basic
D:3:      layout_basic, chequers_ecumenical_altar_twisty, minmay_distorted
D:4:      layout_cave_pools, minmay_temple_entry_tees, serial_shops, shop,
          uniq_natasha, uniq_robin
D:5:      kennysheep_big_flooded_room, layout_gridville, grunt_gozag_statues,
          tgw_xom, grunt_temple_overflow_open, serial_shops,
          nicolae_shop_behind_doors, portal_sewer_entry_e, uniq_blork_the_orc

Skill      XL: |  1  2  3  4  5  6 |
---------------+-------------------+-----
Stealth        | 1 2 3 4 5 |  5.6
Evocations     | 3 4 5 |  5.8
Fighting       | |  0.8
Armour         | |  1.7
Dodging        | |  0.8

Action                   |  1- 3 |  4- 6 |  7- 9 || total
-------------------------+-------+-------+-------++-------
Melee: Short sword       |    66 |       |       ||    66
       Club              |    24 |       |       ||    24
       Punch             |     2 |     2 |       ||     4
       Dagger            |    75 |   188 |    33 ||   296
Throw: Throwing net      |       |     2 |       ||     2
Evoke: Wand              |     1 |    14 |     2 ||    17
  Use: Potion            |       |       |     1 ||     1
 Stab: Sleeping          |     5 |     3 |     2 ||    10
Armor: Leather armour    |    62 |    74 |    15 ||   151
Dodge: Dodged            |   121 |   154 |    19 ||   294

Table legend: (Time is in decaauts)
 A = Elapsed time spent in this place.
 B = Non-inter-level travel time spent in this place.
 C = Inter-level travel time spent in this place.
 D = Time resting spent in this place.
 E = Time spent auto-exploring this place.
 F = Levels seen in this place.
 G = Mean time per level.
                   A        B        C        D        E       F      G
               +--------+--------+--------+--------+--------+-----+--------+
         Total |   5066 |   4945 |    121 |    234 |   3877 |   5 | 1013.2 |
       Dungeon |   5066 |   4945 |    121 |    234 |   3877 |   5 | 1013.2 |
               +--------+--------+--------+--------+--------+-----+--------+

Top non-repeatable levels by time:
     D:1: 1513 daAuts
     D:3: 1475 daAuts
     D:4: 957 daAuts
     D:2: 728 daAuts
     D:5: 390 daAuts
